 Dungeon Crawl Stone Soup version 0.23-a0-449-g8e4cbf7 (webtiles) character file.

93 tilp the Chiller (level 4, -1/30 HPs)
             Began as a Merfolk Ice Elementalist on Nov 21, 2018.
             Was an Initiate of Makhleb.
             Succumbed to a kobold's poison
             ... on level 3 of the Dungeon.
             The game lasted 00:08:18 (2351 turns).

tilp the Chiller (Merfolk Ice Elementalist)         Turns: 2351, Time: 00:08:19

Health: -1/30      AC:  3    Str: 11 (13) XL:     4   Next: 61%
Magic:  6/7        EV: 13    Int: 17 (20) God:    Makhleb [......]
Gold:   204        SH:  0    Dex: 13 (14) Spells: 1/7 levels left

rFire    . . .     SeeInvis .   m - +0 dagger
rCold    . . .     Gourm    .   (no shield)
rNeg     . . .     Faith    .   a - +0 robe
rPois    .         Spirit   .   (no helmet)
rElec    .         Reflect  .   (no cloak)
rCorr    .         Harm     .   t - +0 pair of gloves
MR       .....                  (no boots)
Stlth    ++........             (no amulet)
HPRegen  0.10/turn              (no ring)
MPRegen  0.10/turn              (no ring)

@: mighty, brilliant, lethally poisoned (-1 -> -45)
A: change form in water, swift swim, stealthy swim
a: Renounce Religion


You were on level 3 of the Dungeon.
You worshipped Makhleb.
Makhleb was noncommittal.
You were not hungry.

You visited 1 branch of the dungeon, and saw 3 of its levels.

You collected 204 gold pieces.

Inventory:

Hand Weapons
 b - a +0 club
 i - a +0 hunting sling
 m - a +0 dagger (weapon)
 u - a +0 spear
Missiles
 g - 30 stones (quivered)
 w - 15 sling bullets
Armour
 a - a +0 robe (worn)
 t - a +0 pair of gloves (worn)
Jewellery
 f - an uncursed ring of ice {unknown}
 v - an uncursed amulet of rage {unknown}
 z - an uncursed ring of positive energy {unknown}
Wands
 p - a wand of random effects (21)
Scrolls
 d - 7 scrolls of identify {unknown}
 e - a scroll of enchant weapon {unknown}
 h - 3 scrolls of remove curse {unknown}
 l - 3 scrolls of fog {unknown}
 r - a scroll of teleportation {unknown}
 x - a scroll of magic mapping {unknown}
 y - a scroll of enchant armour {unknown}
Potions
 k - 4 potions of might
 s - a potion of magic
Comestibles
 c - 5 rations
 n - 2 chunks of flesh


   Skills:
 - Level 2.6 Dodging
 - Level 2.1 Stealth
 - Level 2.0 Spellcasting
 - Level 0.7 Conjurations
 + Level 5.7 Ice Magic


You had one spell level left.
You knew the following spells:

 Your Spells              Type           Power        Failure   Level  Hunger
a - Freeze                Ice            ####         1%          1    #......
b - Throw Frost           Conj/Ice       ###...       1%          2    ###....
c - Ozocubu's Armour      Chrm/Ice       ###.....     2%          3    ###....

Your spell library contained the following spells:

 Spells                   Type           Power        Failure   Level  Hunger
 Throw Icicle             Conj/Ice       ###.....     6%          4    #####..
 Summon Ice Beast         Ice/Summ       ###.....     7%          4    #####..


Dungeon Overview and Level Annotations

Branches:
Dungeon (3/15)

Altars:
Dithmenos
Hepliaklqana
Makhleb
Sif Muna
Xom


Message History

The kobold hits you but does no damage.
You are more poisoned.
The kobold hits you but does no damage.
You can move again.
Unknown command.
It was a potion of degeneration.
There was something very wrong with that liquid.
You feel weakened.
You feel dopey.
You feel clumsy.
* * * LOW HITPOINT WARNING * * *
You feel very sick. The kobold closely misses you. The kobold misses you.
Casting: Freeze (safe; 1% risk of failure)
Confirm with . or Enter, or press ? or * to list all spells.
Aiming: Freeze (safe; 1% risk of failure)
Press: ? - help, Shift-Dir - straight line, f - kobold
Aim: a kobold, wielding a +0 short sword You freeze the kobold.
You kill the kobold!
Makhleb accepts your kill.
You die...

#.# #.# #.# #.# #.#. #.#
.... ###.### ... # #.....#
..# ######### ##.###.# K.
#.......###.....@# .#
#.##.........#(K)##)##.#..
#
.....##.###.#_#.).(.......
##
#.#####.###..#..######.###
##. #.......#.......# ##
##.# .########.#...#.#
#...# #.## ...# # #..##.#
#...# #..#
._.######.##.##.#
#...######.#.
....รท..##.##.##.#
#..........##


You could see a kobold.

Vanquished Creatures
  2 adders
  A worm (D:2)
  3 dart slugs
  3 leopard geckos
  A ball python (D:3)
  6 bats
  2 giant cockroaches
  8 goblins
  13 hobgoblins
  3 jackals (D:3)
  3 frilled lizards (D:2)
  8 kobolds
  5 rats
58 creatures vanquished.

Notes
Turn   | Place    | Note
-------+----------+-------------------------------------------
     0 | D:1      | tilp the Merfolk Ice Elementalist began the quest for the
                  | Orb.
     0 | D:1      | Reached XP level 1. HP: 13/13 MP: 3/3
   193 | D:1      | Reached XP level 2. HP: 15/19 MP: 0/5
   250 | D:1      | Learned a level 2 spell: Throw Frost
   306 | D:1      | Reached skill level 4 in Ice Magic
   844 | D:1      | Reached XP level 3. HP: 24/24 MP: 3/6
   849 | D:1      | Learned a level 3 spell: Ozocubu's Armour
  1314 | D:2      | Found a deep blue altar of Sif Muna.
  1546 | D:2      | Reached skill level 5 in Ice Magic
  1764 | D:2      | Reached XP level 4. HP: 30/30 MP: 5/7
  2129 | D:3      | Found a shimmering altar of Xom.
  2210 | D:3      | Found a burning altar of Makhleb.
  2210 | D:3      | Found a hazy altar of Hepliaklqana.
  2212 | D:3      | Found a shadowy altar of Dithmenos.
  2216 | D:3      | Became a worshipper of Makhleb the Destroyer
  2312 | D:3      | Found a faded altar of an unknown god.
  2334 | D:3      | Paralysed by a kobold for 7 turns
  2345 | D:3      | Paralysed by a kobold for 5 turns
  2351 | D:3      | Succumbed to a kobold's poison

Vault maps used:
D:1:      ncdulo_halloftheorcs
D:2:      led_sif_pool, first_ration
D:3:      cheibrodos_pilgrimage, grunt_temple_overflow_open, tso_oasis_becter,
          chequers_ecumenical_altar_simple, brannock_xom_greatest_gift

Skill      XL: |  1  2  3 |
---------------+----------+-----
Ice Magic      | 4 5 |  5.7
Dodging        | |  2.6
Stealth        | |  2.1
Spellcasting   | |  2.0
Conjurations   | |  0.7

Action                   |  1- 3 |  4- 6 || total
-------------------------+-------+-------++-------
Melee: Dagger            |    24 |    11 ||    35
       Whip              |     6 |       ||     6
Throw: Stone             |     3 |       ||     3
 Cast: Freeze            |    50 |    20 ||    70
  Use: Potion            |       |     5 ||     5
 Stab: Sleeping          |    10 |     2 ||    12
  Eat: Chunk             |     4 |     2 ||     6
Armor: Robe              |    12 |     7 ||    19
Dodge: Dodged            |    38 |    27 ||    65

Table legend:
 A = Non-vault XP
 B = Vault XP
 C = Vault XP percentage of total XP
 D = Non-vault monster count
 E = Vault monster count
 F = Vault count percentage of total count
                 A         B        C        D         E       F
            +---------+---------+-------+---------+---------+-------
      Total |     133 |       0 |   0.0 |      58 |       0 |   0.0
            +---------+---------+-------+---------+---------+-------
        D:1 |      38 |       0 |   0.0 |      19 |       0 |   0.0
        D:2 |      59 |       0 |   0.0 |      26 |       0 |   0.0
        D:3 |      36 |       0 |   0.0 |      13 |       0 |   0.0
            +---------+---------+-------+---------+---------+-------
